 Dungeon Crawl Stone Soup version 0.30.0-10-gfe55d96785 (webtiles) character file.

Game seed: 17498490463900219607

76 Irreverend the Ruffian (level 4, -1/36 HPs)
             Began as a Draconian Transmuter on May 14, 2023.
             Slain by an orc
             ... wielding a +0 hand axe
              (3 damage)
             ... on level 3 of the Dungeon.
             The game lasted 00:04:09 (2290 turns).

Irreverend the Ruffian (Draconian Transmuter)       Turns: 2290, Time: 00:04:10

Health: -1/36      AC:  5    Str: 13    XL:     4   Next: 12%
Magic:  3/7        EV: 12    Int: 15    God:
Gold:   150        SH:  0    Dex: 11    Spells: 1/8 levels left

rFire   . .          .
                       - Unarmed
rCold   . . .        (no shield)
rNeg    . . .        (body armour unavailable)
rPois   .            (helmet currently unavailable)
rElec   .            (no cloak)
rCorr   .            (no gloves)
SInv    .            (boots currently unavailable)
Will    .....        (no amulet)
Stlth   +            (no ring)
HPRegen 0.26/turn    (no ring)
MPRegen 0.10/turn

%: no passive effects
@: appendages (expiring), wereblooded
A: horns 2, talons 2, AC +5, unfitting armour, cold-blooded
a: End Transformation


You were on level 3 of the Dungeon.
You had temporarily grown beastly horns and talons.
You visited 1 branch of the dungeon, and saw 3 of its levels.

You collected 150 gold pieces.

Inventory:

Scrolls
 b - 4 scrolls of identify {unknown}
 c - 3 scrolls of teleportation {unknown}
 h - 2 scrolls of enchant armour {unknown}
 i - a scroll of fear {unknown}
 j - a scroll of fog {unknown}
 l - a scroll of amnesia {unknown}
 m - a scroll of summoning {unknown}
Potions
 a - a potion of lignification
 d - a potion of ambrosia {unknown}
 e - 2 potions of curing {unknown}
 f - 2 potions of attraction {unknown}
 g - 2 potions of might {unknown}
 k - a potion of flight {unknown}


   Skills:
 + Level 2.1 Fighting
 - Level 1.7 Dodging
 * Level 3.9 Unarmed Combat
 - Level 2.5 Spellcasting
 + Level 2.6 Transmutations
 + Level 0.0 Ice Magic


You had one spell level left.
You knew the following spells:

 Your Spells              Type           Power      Damage    Failure   Level
a - Beastly Appendage     Tmut           18%        N/A       8%          1
b - Wereblood             Tmut           9%         N/A       11%         2
c - Ice Form              Ice/Tmut       5%         N/A       77%         4

Your spell library contained the following spells:

 Spells                   Type           Power      Damage    Failure   Level
 Spider Form              Tmut/Pois      5%         N/A       36%         3
 Conjure Ball Lightning   Conj/Air       0%         3x3d6     100%        6
 Discord                  Hex            0%         N/A       100%        8
 Disjunction              Tloc           0%         N/A       100%        8


Dungeon Overview and Level Annotations

Branches:
Dungeon (3/15)

Altars:

Shops:
D:1 [


Innate Abilities, Weirdness & Mutations

You have temporarily grown beastly horns and talons.
Your plain brown scales are hard. (AC +5)
You cannot fit into any form of body armour.
You are cold-blooded and may be slowed by cold attacks.


Message History

You are too injured to fight recklessly!
You are too injured to fight recklessly!
You are too injured to fight recklessly!
You are too injured to fight recklessly!
You are too injured to fight recklessly!
You are too injured to fight recklessly!
You are too injured to fight recklessly!
You are too injured to fight recklessly!
You are too injured to fight recklessly!
You closely miss the orc wizard. You claw the orc wizard.
You headbutt the orc wizard.
The orc wizard is severely wounded.
The orc hits you with a +0 hand axe.
The orc wizard hits you with a +0 dagger.
* * * LOW HITPOINT WARNING * * *
You hit the orc wizard but do no damage.
Your kick misses the orc wizard.
The orc wizard is severely wounded.
The orc hits you with a +0 hand axe.
* * * LOW HITPOINT WARNING * * *
The orc wizard hits you with a +0 dagger.
* * * LOW HITPOINT WARNING * * *
You barely miss the orc wizard. Your kick misses the orc wizard.
The orc wizard is severely wounded.
The orc hits you with a +0 hand axe.
* * * LOW HITPOINT WARNING * * *
The orc wizard closely misses you.
You hit the orc wizard.
You claw the orc wizard, but do no damage.
Your headbutt misses the orc wizard.
You tail-slap the orc wizard, but do no damage.
The orc wizard is severely wounded.
The orc closely misses you.
The orc wizard hits you with a +0 dagger.
* * * LOW HITPOINT WARNING * * *
You hit the orc. Your headbutt misses the orc.
You tail-slap the orc, but do no damage.
The orc is lightly wounded.
The orc hits you with a +0 hand axe.
You die...

.......... .#..# #.# #.#.#
##.####### #..####.###.#.#
+......... ............#.#
##.###.######..####.....#'#####
##..........................#..
....##.####.#..####..#......#.#
....##.# #<.#.....+......#.#
....##.#######.#.....#......#.###
................@o...............
...#[#.####.....o)...>...#.##....
...#.#......####.#.......+.....##
...#+#.#..... .('.......#.##.#.<
......### #.# ..... #. #.#..
...###. #.# ..... #. #.#.. ...#
#.# #.# .... ++ #.#.. ...# #..
#.# .... #.#.. #. #.#..


You could see an orc wizard and an orc.

Vanquished Creatures
  An adder (D:2)
  3 worms
  2 dart slugs
  3 orcs (D:3)
  3 ball pythons
  3 bats
  3 endoplasms
  3 giant cockroaches
  4 goblins
  6 hobgoblins
  4 jackals (D:2)
  2 quokkas
  A frilled lizard (D:2)
  4 kobolds
  4 rats
46 creatures vanquished.

Notes
Turn   | Place    | Note
-------+----------+-------------------------------------------
     0 | D:1      | Irreverend the Draconian Transmuter began the quest for the
                  | Orb.
     0 | D:1      | Reached XP level 1. HP: 16/16 MP: 3/3
   338 | D:1      | Reached XP level 2. HP: 23/23 MP: 1/5
   737 | D:1      | Found Judar's Antique Armour Shop.
   916 | D:1      | Reached XP level 3. HP: 29/29 MP: 6/6
  1076 | D:2      | Learned a level 2 spell: Wereblood
  2259 | D:3      | Reached XP level 4. HP: 36/36 MP: 3/7
  2267 | D:3      | Learned a level 4 spell: Ice Form
  2290 | D:3      | Slain by an orc

Illustrated notes

Levels and vault maps discovered:
D:1:      minmay_arrival_stair_chambers, layout_loops_corners, serial_shops,
          shop
D:2:      minmay_evil_eye, layout_basic
D:3:      layout_basic, serial_park_tiny_1

Skill      XL: |  1  2  3 |
---------------+----------+-----
Fighting       | 2 |  2.1
Dodging        | |  1.7
Unarmed Combat | |  3.9
Spellcasting   | |  2.5
Transmutations | |  2.6

Action                     |  1- 3 |  4- 6 || total
---------------------------+-------+-------++-------
  Melee: Unarmed           |   115 |    18 ||   133
         Tailslap          |    15 |     3 ||    18
         Kick              |    16 |     4 ||    20
         Headbutt          |    16 |     1 ||    17
         Punch             |     1 |     1 ||     2
   Cast: Beastly Appendage |    31 |     1 ||    32
         Wereblood         |    11 |     1 ||    12
   Stab: Sleeping          |     1 |       ||     1
 Armour: Skin              |    28 |     3 ||    31
  Dodge: Dodged            |    58 |    11 ||    69
